 Dungeon Sprint DCSS version 0.31-a0-841-g038b102fc3 (webtiles) character file.

Game seed: 12889290657669590285

730 sircluck the Grappler (level 7, 0/81 HPs)
             Began as a Troll Berserker on Sept 27, 2023.
             Was an Elder of Trog.
             Slain by an ufetubus (4 damage)
             ... in the Dungeon (Sprint VII: "The Pits").
             The game lasted 00:00:42 (255 turns).

sircluck the Grappler (Troll Berserker)              Turns: 255, Time: 00:00:42

Health: 0/81       AC:  4    Str: 28    XL:     7   Next: 44%
Magic:  6/6        EV: 12    Int:  3    God:    Trog [****..]
Gold:   0          SH:  0    Dex:  9    Spells: 6/6 levels left

rFire   . .          .
                       - Unarmed
rCold   . . .        (no shield)
rNeg    . . .        a - +0 animal skin
rPois   .            (helmet restricted)
rElec   .            (no cloak)
rCorr   .            (gloves unavailable)
SInv    .            (boots unavailable)
Will    .....        (no amulet)
Stlth   +            (no ring)
HPRegen 1.13/turn    (no ring)
MPRegen 0.10/turn

%: no teleportation
@: lethally poisoned (0 -> 0)
A: large, unfitting armour, claws 3, regeneration 1, shaggy fur 1, tough skin 1
a: Renounce Religion, Berserk, Trog's Hand, Brothers in Arms


You were in the Dungeon.
You worshipped Trog.
Trog was greatly pleased with you.
You visited 1 branch

Inventory:

Armour
 a - a +0 animal skin (worn)
Scrolls
 g - a scroll of blinking
 i - 2 scrolls of vulnerability
 j - a scroll of butterflies
Potions
 b - a potion of curing
 c - a potion of heal wounds
 d - a potion of haste
 e - 4 potions of magic
 f - 3 potions of berserk rage
 h - 2 potions of invisibility


   Skills:
 + Level 8.5 Fighting
 + Level 8.3 Dodging
 + Level 10.0 Unarmed Combat


You had 6 spell levels left.
You didn't know any spells.
Your spell library was empty.

Dungeon Overview and Level Annotations

Branches:
Dungeon (1/1)

Altars:
Ashenzari
Cheibriados
Dithmenos
Elyvilon
Fedhas
Gozag
Hepliaklqana
Kikubaaqudgha
Makhleb
Nemelex Xobeh
Okawaru
Qazlal
Ru
Sif Muna
Trog
Uskayaw
Vehumet
Wu Jian
Xom
Yredelemnul
Zin
The Shining One
Jiyva
Lugonu


Innate Abilities, Weirdness & Mutations

You are too large for most types of armour.
You have claws for hands.
Your natural rate of healing is unusually fast.
You are covered in fur. (AC +1)
You have tough skin. (AC +1)


Message History

You feel very sick.
The floating eye gazes piercingly through you!
You shrug off the repeated paralysis!
The scorpion stings you.
* * * LOW HITPOINT WARNING * * *
The ufetubus hits you but does no damage.
The ufetubus misses you.
You barely miss the scorpion.
The scorpion is almost dead.
You feel very sick. The ufetubus hits you.
* * * LOW HITPOINT WARNING * * *
The ufetubus misses you.
The scorpion stings you but does no damage.
The floating eye seems to glare at you.
You mangle the scorpion!!
You kill the scorpion!
Trog accepts your kill.
You can now call in reinforcements.
You feel sick. The ufetubus barely misses you. The ufetubus closely misses you.
The floating eye gazes piercingly through you!
You suddenly lose the ability to move!
Your Unarmed Combat skill increases to level 10!
You feel sick. The ufetubus barely misses you. The ufetubus hits you.
* * * LOW HITPOINT WARNING * * *
The ufetubus hits you.
* * * LOW HITPOINT WARNING * * *
The ufetubus hits you.
* * * LOW HITPOINT WARNING * * *
You feel sick. The ufetubus hits you.
* * * LOW HITPOINT WARNING * * *
The ufetubus hits you but does no damage.
You feel sick.
The ufetubus hits you but does no damage. x4
You feel sick.
The ufetubus hits you but does no damage. x2
You can move again.
Unknown command.
You claw the floating eye!
The floating eye is severely wounded.
You feel sick. The ufetubus hits you.
You die...

##########'##.........
#.?(.')))'.##......#..
##########.##.........
#.........†.'.........
#+#####)#####......#..
#..#...'.##.........
#..#...#.#####'#####
#.5#####.##.......##
#.G@...#.##.......##
#.†'...†.##.......##
#..########...<...##
#.. #.......## #..
#.......## ###
#.......## ##########


You could see a floating eye and an ufetubus.

Vanquished Creatures
  A deep elf pyromancer (D)
  A shadow (D)
  A scorpion (D)
  A jelly (D)
  An iguana (D)
  A river rat (D)
  An adder (D)
  An ufetubus (D)
  A goblin (D)
  2 jackals (D)
11 creatures vanquished.

Notes
Turn   | Place    | Note
-------+----------+-------------------------------------------
     0 | D        | sircluck the Troll Berserker began the quest for the Orb.
     0 | D        | Reached XP level 1. HP: 22/22 MP: 0/0
    11 | D        | Noticed a jelly
    12 | D        | Noticed a shadow
    18 | D        | HP: 1/33 [something (32)]
    21 | D        | Killed a shadow
    22 | D        | Reached skill level 5 in Fighting
    22 | D        | Reached skill level 5 in Dodging
    22 | D        | Reached skill level 6 in Unarmed Combat
    22 | D        | Reached XP level 2. HP: 5/35 MP: 1/1
    22 | D        | Reached XP level 3. HP: 7/42 MP: 2/2
    22 | D        | Reached XP level 4. HP: 8/50 MP: 3/3
    22 | D        | Reached XP level 5. HP: 9/57 MP: 4/4
    27 | D        | Reached skill level 7 in Unarmed Combat
    86 | D        | Noticed a deep elf pyromancer
    89 | D        | Noticed a fire elemental
    89 | D        | Noticed a fire elemental
    95 | D        | Killed a deep elf pyromancer
    95 | D        | Reached ** piety under Trog
    96 | D        | Reached skill level 9 in Unarmed Combat
    96 | D        | Reached XP level 6. HP: 7/72 MP: 5/5
    96 | D        | Reached XP level 7. HP: 8/80 MP: 6/6
   164 | D        | Found a bloodstained altar of Trog.
   164 | D        | Found a shimmering blue altar of Sif Muna.
   164 | D        | Found a viscous altar of Jiyva.
   164 | D        | Found a hazy altar of Hepliaklqana.
   164 | D        | Found an opulent altar of Gozag.
   165 | D        | Found a glowing golden altar of the Shining One.
   165 | D        | Found a glowing silver altar of Zin.
   165 | D        | Found a basalt altar of Yredelemnul.
   165 | D        | Found a shimmering altar of Xom.
   165 | D        | Found an ornate altar of the Wu Jian Council.
   165 | D        | Found a sacrificial altar of Ru.
   165 | D        | Found a stormy altar of Qazlal.
   165 | D        | Found an iron altar of Okawaru.
   165 | D        | Found a sparkling altar of Nemelex Xobeh.
   165 | D        | Found a burning altar of Makhleb.
   165 | D        | Found a blossoming altar of Fedhas.
   165 | D        | Found a white marble altar of Elyvilon.
   165 | D        | Found a shadowy altar of Dithmenos.
   165 | D        | Found a snail-covered altar of Cheibriados.
   168 | D        | Found a corrupted altar of Lugonu.
   168 | D        | Found a radiant altar of Vehumet.
   169 | D        | Found an ancient bone altar of Kikubaaqudgha.
   169 | D        | Found a hide-covered altar of Uskayaw.
   169 | D        | Found a broken altar of Ashenzari.
   213 | D        | Reached *** piety under Trog
   241 | D        | Paralysed by a floating eye for 4 turns
   250 | D        | Reached **** piety under Trog
   250 | D        | Paralysed by a floating eye for 4 turns
   251 | D        | Reached skill level 10 in Unarmed Combat
   252 | D        | HP: 4/81 [ufetubus (3)]
   255 | D        | Slain by an ufetubus

Illustrated notes

Levels and vault maps discovered:
D:        pitsprint [storerooms_1, entrance_room_1, metal_vault_7, armoury_2,
          mini_pit_1, grid_room_1, main_hall_1, silver_pit, the_coven_2,
          the_vestibule_1, steel_vault_2, golden_pit, hallway_of_sentries,
          crystal_vault_2, iron_vault_1, final_vault]

Skill      XL: |  1  2  3  4  5  6  7 |
---------------+----------------------+-----
Fighting       | 5 8 |  8.5
Dodging        | 5 8 |  8.3
Unarmed Combat | 6 9 10 | 10.0

Action                     |  1- 3 |  4- 6 |  7- 9 || total
---------------------------+-------+-------+-------++-------
  Melee: Unarmed           |     3 |     9 |    24 ||    36
 Invoke: Berserk           |     1 |     1 |       ||     2
 Armour: Animal skin       |     1 |    11 |    47 ||    59
  Dodge: Dodged            |     1 |     5 |    23 ||    29

Table legend: (Time is in decaauts)
 A = Elapsed time spent in this place.
 B = Non-inter-level travel time spent in this place.
 C = Inter-level travel time spent in this place.
 D = Time resting spent in this place.
 E = Time spent auto-exploring this place.
 F = Levels seen in this place.
 G = Mean time per level.
                   A        B        C        D        E       F      G
               +--------+--------+--------+--------+--------+-----+--------+
         Total |    275 |    275 |      0 |    119 |     51 |   1 |  275.0 |
       Dungeon |    275 |    275 |      0 |    119 |     51 |   1 |  275.0 |
               +--------+--------+--------+--------+--------+-----+--------+

Top non-repeatable levels by time:
       D: 275 daAuts
